AoeStats
← MZTK | GaboxNet .i.

Enclosed

506565993Analyzed
1v1 RM · 18d ago on Sep 14, 2026· 42m 49s· 2 players
Game mode
Random Map
Map size
Tiny (2 player)
Population
200
Speed
Normal
Resources
Standard
Victory
Conquest
Starting age
Dark Age
Ending age
Imperial Age
RankedLock teamsTeams togetherTeam positionsShared explorationLock speedFull tech treeHidden civsTurbo modeCheats
Victory
Defeat
🇲🇽 Ethiopians · Mexico
1173
+16
🇨🇳 Wei · China
1181
-16
MZTK | GaboxNet .i.
9:44 Feudal Age
10:53 Double-Bit Axe
13:22 Loom
14:28 Fletching
21:12 Castle Age
19:26 Padded Archer Armor
19:46 Gold Mining
19:38 Horse Collar
21:20 Crossbowman
22:31 Bow Saw
22:29 Bodkin Arrow
32:18 Wheelbarrow
36:09 Husbandry
37:33 Heavy Plow
37:39 Scale Barding Armor
38:11 Leather Archer Armor
39:08 Chain Barding Armor
39:56 Forging
40:08 Squires
NFC
7:05 Loom
9:43 Feudal Age
15:52 Horse Collar
22:09 Castle Age
20:05 Double-Bit Axe
20:59 Bloodlines
23:00 Scale Barding Armor
25:31 Wheelbarrow
Connection lost

Rejoining the realm…

Still unreachable

The connection could not be restored.

Session expired

The server has moved on; the page needs a fresh start.